Map: Corrosion EC

Players

TimelessOne - Winner!

  • Race: Zerg Zerg
  • League: Platinum
  • Spawn Location: 5:00

HoldTheDoor

  • Race: Protoss Protoss
  • League: Diamond
  • Spawn Location: 11:00

VOD

Have the link to the VOD?

Description

Time

  • Played on: July 14, 2018, 2:38 p.m.
  • Length: 7:32
Show
View Real Time Build Order
Export as new Build Order

TimelessOne Zerg - Winner!

Build Orders: Hatch First 

Get SALT Encoding   

  12  0:02  Drone  
  13  0:13  Drone  
  14  0:16  Overlord  
  14  0:35  Drone x2  
  16  0:36  Drone  
  17  0:55  Hatchery  
  17  0:56  Drone  
  17  1:11  Spawning Pool  
  17  1:14  Drone  
  17  1:17  Drone  
  18  1:21  Drone  
  19  1:31  Drone  
  20  1:33  Extractor  
  19  1:41  Drone  
  20  1:59  Roach Warren  
  19  2:06  Queen  
  21  2:08  Queen  
  21  2:11  Drone x3  
  26  2:18  Drone  
  26  2:20  Drone  
  28  2:25  Extractor  
  28  2:27  Drone  
  28  2:31  Overlord  
  28  2:50  Drone x3  
  31  2:59  Drone x2  
  33  3:06  Lair  
  33  3:08  Drone x2  
  35  3:18  Pneumatized Carapace  
  35  3:20  Drone  
  35  3:24  Overlord, Hatchery  
  35  3:29  Overlord  
  35  3:34  Overlord  
  35  3:38  Drone  
  36  3:41  Overlord  
  36  3:54  Drone x2  
  38  4:10  Drone x3  
  38  4:11  Drone  
  42  4:22  Queen  
  42  4:23  Queen  
  46  4:33  Extractor, Drone x3  
  46  4:34  Extractor  
  46  4:35  Drone x2  
  46  4:36  Drone  
  46  4:37  Drone x2  
  52  4:38  Queen  
  50  4:48  Drone x3  
  53  4:53  Drone  
  54  5:08  Roach x6  
  54  5:09  Roach  
  54  5:11  Queen x2  
  72  5:19  Queen, Nydus Network  
  73  5:22  Overlord  
  73  5:23  Overlord  
  58  5:49  Queen  
  56  5:52  Drone  
  56  5:53  Drone x2  
  56  5:54  Drone x2  
  56  5:57  Queen x2  
  63  5:59  Spore Crawler  
  66  6:27  Roach x3  
  66  6:28  Roach x5  
  82  6:39  Nydus Canal  
  70  7:03  Spore Crawler x2  
  70  7:06  Spore Crawler  
Show
View Real Time Build Order
Export as new Build Order

HoldTheDoor Protoss 

Build Orders: 1 Gate Expand, Oracle Opening 

Get SALT Encoding   

  12  0:00  Probe  
  13  0:13  Probe  
  14  0:21  Pylon  
  14  0:25  Probe  
  15  0:38  Probe  
  15  0:40  Gateway  
  16  0:46  Probe  
  16  0:47  Assimilator  
  16  0:54  Probe  
  18  1:05  Probe  
  20  1:19  Pylon  
  19  1:33  Nexus  
  19  1:38  Cybernetics Core  
  19  1:46  Probe  
  20  1:49  Assimilator  
  20  1:54  Pylon  
  20  1:58  Probe  
  21  2:07  Warp Gate  
  21  2:10  Probe  
  24  2:15  Adept  
  24  2:23  Gateway  
  24  2:29  Probe  
  25  2:41  Stargate  
  25  2:43  Probe  
  26  2:49  Zealot  
  29  2:51  Probe  
  29  2:58  Probe, Pylon  
  30  3:04  Assimilator  
  30  3:06  Probe  
  31  3:13  Probe  
  32  3:20  Pylon  
  32  3:22  Zealot  
  32  3:25  Oracle  
  32  3:26  Zealot  
  36  3:37  Probe  
  36  3:38  Probe  
  41  3:49  Probe  
  41  3:50  Probe  
  41  3:54  Twilight Council, Oracle  
  43  4:05  Probe  
  43  4:06  Probe  
  43  4:08  Assimilator  
  48  4:17  Probe  
  48  4:18  Probe  
  48  4:23  Pylon  
  50  4:25  Oracle  
  50  4:29  Probe  
  51  4:36  Protoss Air Weapons Level 1  
  54  4:56  Probe  
  54  4:57  Probe, Oracle  
  56  5:03  Charge  
  56  5:04  Pylon  
  56  5:05  Zealot x2  
  63  5:08  Probe  
  64  5:40  Probe x2  
  66  5:51  Oracle  
  66  5:52  Probe  
  66  5:56  Zealot x2  
  74  6:03  Pylon  
  74  6:04  Gateway  
  74  6:06  Gateway  
  74  6:08  Gateway  
  74  6:11  Stargate, Pylon  
  74  6:14  Pylon  
  74  6:16  Pylon  
  74  6:18  Zealot x2, Pylon, Oracle  
  78  6:31  Pylon  
  81  6:34  Pylon  
  75  6:55  Oracle  
  78  7:02  Zealot x2  
  75  7:08  Zealot x3  
  63  7:24  Zealot x2  
Tags
 
Add a new tag
Caveats
  • Supply blocks, unpowered buildings, or Contaminate may cause inaccurate times.
  • Supply counts are checked every 10 seconds.